 Dungeon Crawl Stone Soup version 0.27-a0-1191-g601b473118 (webtiles) character file.

Game seed: 12545046167568677409

145 1player the Stinger (level 5, -2/34 HPs)
             Began as an Octopode Transmuter on May 23, 2021.
             Slain by a kobold brigand
             ... wielding a +0 short sword
              (11 damage)
             ... in a sewer.
             The game lasted 00:11:56 (4555 turns).

1player the Stinger (Octopode Transmuter)           Turns: 4555, Time: 00:11:57

Health: -2/34      AC:  2    Str: 10    XL:     5   Next: 27%
Magic:  7/8        EV: 20    Int: 15    God:
Gold:   82         SH:  0    Dex: 18    Spells: 2/8 levels left

rFire    . . .     SeeInvis .     - Unarmed
rCold    . . .     Faith    .   (shield currently unavailable)
rNeg     . . .     Spirit   .   (helmet currently unavailable)
rPois    x         Reflect  .   (no amulet)
rElec    .         Harm     .   (no ring)
rCorr    .         Rampage  .   (no ring)
Will     .....                  (no ring)
Stlth    +.........             (no ring)
HPRegen  0.11/turn              (no ring)
MPRegen  0.11/turn              (no ring)
                                (no ring)
                                (no ring)

@: spider-form (expiring), very slow
A: venomous fangs, almost no armour, (amphibious), 8 rings, tiny, (camouflage
1), (gelatinous body 1), (nimble swimmer 1), (tentacles)
a: End Transformation


You were in a sewer.
You were a venomous arachnid creature.
You visited 1 branch of the dungeon, and saw 3 of its levels.
You also visited: Sewer.

You collected 82 gold pieces.

Inventory:

Hand Weapons
 b - a +1 hunting sling
 c - a +3 short sword
Missiles
 a - 95 stones
 j - 8 javelins
 n - 8 poisoned darts
Scrolls
 f - a scroll of teleportation
 i - a scroll of amnesia
 l - a scroll of enchant armour
 p - a scroll of magic mapping {unknown}
Potions
 e - 2 potions of heal wounds {@q2}
 m - a potion of attraction
 o - a potion of magic {unknown}


   Skills:
 - Level 2.0 Fighting
 + Level 2.8 Dodging
 - Level 3.0 Unarmed Combat
 - Level 2.0 Spellcasting
 - Level 3.0 Transmutations
 + Level 3.8 Poison Magic


You had 2 spell levels left.
You knew the following spells:

 Your Spells              Type           Power      Damage    Failure   Level
a - Beastly Appendage     Tmut           20%        N/A       17%         1
s - Wereblood             Tmut           10%        N/A       24%         2
z - Spider Form           Tmut/Pois      5%         N/A       34%         3

Your spell library contained the following spells:

 Spells                   Type           Power      Damage    Failure   Level
 Confusing Touch          Hex            1%         N/A       75%         3
 Gell's Gravitas          Tloc           0%         N/A       75%         3
 Ice Form                 Ice/Tmut       6%         N/A       89%         4
 Petrify                  Tmut/Erth      6%         N/A       89%         4
 Hydra Form               Tmut           5%         N/A       96%         5
 Yara's Violent Unravell  Hex/Tmut       3%         3d4       99%         5
 Metabolic Englaciation   Hex/Ice        0%         N/A       100%        5


Dungeon Overview and Level Annotations

Branches:
Dungeon (3/15)              Sewer (1/1)

Altars:

Annotations:
D:2 Jessica


Innate Abilities, Weirdness & Mutations

You are a venomous arachnid creature.
You have poisonous fangs.
You are tiny and dextrous.
Your spellcasting is less reliable in this form.
Your armour is entirely melded.
You are incapable of wielding weapons or throwing items.
You cannot wear most types of armour.
((You are amphibious.))
You can wear up to eight rings at the same time.
((Your skin changes colour to match your surroundings (Stealth+).))
((Your rubbery body absorbs attacks. (AC +1, EV +1)))
((You are camouflaged near water. (Stealth+)))
((You have tentacles for arms and can constrict up to eight enemies at once.))


Message History

The kobold brigand splashes around in the water.
You hit the kobold brigand.
The kobold brigand is poisoned.
The kobold brigand is lightly wounded.
The kobold splashes around in the water.
The kobold brigand completely misses you.
You closely miss the kobold brigand.
The kobold brigand is lightly wounded.
The kobold splashes around in the water.
The kobold brigand completely misses you.
You hit the kobold but do no damage.
The kobold is poisoned.
The kobold misses you. The kobold brigand misses you.
Your unstable footing causes you to fumble your attack.
The kobold hits you with a +0 dagger.
The kobold brigand completely misses you.
You hit the kobold brigand.
The kobold brigand looks as sick as possible!
The kobold brigand is moderately wounded.
The kobold hits you with a +0 dagger.
The kobold brigand completely misses you.
The kobold hits you with a +0 dagger.
The kobold brigand splashes around in the water.
The kobold hits you with a +0 dagger.
Your unstable footing causes you to fumble your attack.
You kill the kobold!
You hear a splash.
Your unstable footing causes you to fumble your attack.
The kobold brigand splashes around in the water.
Your unstable footing causes you to fumble your attack.
The kobold brigand misses you.
Your unstable footing causes you to fumble your attack.
The kobold brigand hits you with a +0 short sword!
Your unstable footing causes you to fumble your attack.
Your transformation is almost over.
The kobold brigand completely misses you.
Your unstable footing causes you to fumble your attack.
The kobold brigand hits you with a +0 short sword.
The kobold brigand hits you with a +0 short sword.
The kobold brigand barely misses you.
The kobold brigand hits you with a +0 short sword!
You die...

### ####.≈ #####≈≈≈≈.
≈.≈.≈≈. #######.≈.≈≈#
.≈≈.≈.#
##≈..≈≈≈.###.≈≈K. ≈≈≈..#
#.≈≈≈≈≈Ks# ###
.≈..≈####≈≈...≈≈≈###.≈≈≈
.≈≈≈≈.##≈...####≈≈≈.≈#
≈....≈≈.≈..## #####≈≈≈≈
.≈....≈.≈≈## ##
.∩..≈≈..≈≈# ....≈≈≈.≈≈#
.∩.≈≈..≈≈≈# ≈..≈≈.≈≈≈≈##
#######


You could see a kobold brigand (very poisoned).

Vanquished Creatures
  A gnoll (D:1)
  3 adders
  3 river rats
  An adder skeleton (D:2)
  2 worms (Sewer)
  A dart slug (D:1)
  2 orcs (D:3)
  11 ball pythons
  6 bats
  11 endoplasms
  3 giant cockroaches
  A goblin (D:1)
  3 hobgoblins
  2 jackals (D:3)
  7 kobolds
  2 quokkas
  4 frilled lizards
  5 rats
68 creatures vanquished.

Notes
Turn   | Place    | Note
-------+----------+-------------------------------------------
     0 | D:1      | 1player the Octopode Transmuter began the quest for the
                  | Orb.
     0 | D:1      | Reached XP level 1. HP: 13/13 MP: 3/3
   317 | D:1      | Reached skill level 1 in Poison Magic
   451 | D:1      | Reached XP level 2. HP: 18/18 MP: 5/5
   491 | D:1      | Found a faded altar of an unknown god.
  1009 | D:1      | Reached XP level 3. HP: 1/23 MP: 4/6
  1722 | D:1      | Learned a level 2 spell: Wereblood
  2152 | D:2      | Learned a level 3 spell: Spider Form
  2502 | D:2      | Noticed Jessica
  2961 | D:2      | Reached XP level 4. HP: 29/29 MP: 3/7
  3772 | D:3      | Found a glowing drain.
  3776 | Sewer    | Entered a sewer
  4203 | Sewer    | Reached XP level 5. HP: 34/34 MP: 6/8
  4395 | Sewer    | Noticed a kobold brigand
  4527 | Sewer    | Noticed a kobold brigand
  4555 | Sewer    | Slain by a kobold brigand

Illustrated notes

Levels and vault maps discovered:
D:1:      co_arrival_square_in_a_square_in_a_square, layout_loops_cross,
          shapermc_ecumenical_altar_totnotflames
D:2:      layout_loops_ring, uniq_jessica
D:3:      layout_basic, gup_sewer_entry_bowl, kennysheep_generic_room_2
Sewer:    sewer_co_tree

Skill      XL: |  1  2  3  4 |
---------------+-------------+-----
Poison Magic   | 2 3 |  3.8
Transmutations | 3 |  3.0
Fighting       | 2 |  2.0
Dodging        | |  2.8
Unarmed Combat | |  3.0
Spellcasting   | |  2.0

Action                   |  1- 3 |  4- 6 || total
-------------------------+-------+-------++-------
Melee: Unarmed           |    82 |   103 ||   185
       Constrict         |    19 |    19 ||    38
       Tentacles         |    13 |    10 ||    23
       Punch             |     1 |     1 ||     2
       Kick              |     9 |     8 ||    17
 Fire: Hunting sling     |    27 |     5 ||    32
 Cast: Beastly Appendage |    11 |     6 ||    17
       Spider Form       |     1 |     4 ||     5
       Wereblood         |     1 |       ||     1
  Use: Scroll            |     1 |     7 ||     8
 Stab: Sleeping          |     5 |     1 ||     6
Armor: Skin              |     4 |     3 ||     7
Dodge: Dodged            |    41 |    68 ||   109

Table legend: (Time is in decaauts)
 A = Elapsed time spent in this place.
 B = Non-inter-level travel time spent in this place.
 C = Inter-level travel time spent in this place.
 D = Time resting spent in this place.
 E = Time spent auto-exploring this place.
 F = Levels seen in this place.
 G = Mean time per level.
                   A        B        C        D        E       F      G
               +--------+--------+--------+--------+--------+-----+--------+
         Total |   4539 |   4475 |     64 |   2102 |   1066 |   4 | 1134.8 |
       Dungeon |   3759 |   3695 |     64 |   1756 |    948 |   3 | 1253.0 |
         Sewer |    780 |    780 |      0 |    346 |    118 |   1 |  780.0 |
               +--------+--------+--------+--------+--------+-----+--------+

Top non-repeatable levels by time:
     D:1: 2122 daAuts
     D:2: 1173 daAuts
   Sewer: 780 daAuts
     D:3: 463 daAuts
